 Dungeon Crawl Stone Soup version 0.28-a0-819-g6ef7baa362 (webtiles) character file.

Game seed: 14184431103938004837

32662 lunkers the Thaumaturge (level 14, 0/125 HPs)
             Began as a Djinni Cinder Acolyte on Nov 1, 2021.
             Was a High Priest of Ignis.
             Slain by an eight-headed hydra (8 damage)
             ... summoned by an orange crystal statue
             ... in a Gauntlet on Nov 8, 2021.
             The game lasted 00:44:35 (16083 turns).

lunkers the Thaumaturge (Djinni Cinder Acolyte)    Turns: 16083, Time: 00:44:36

Health: 0/125      AC:  8    Str: 17    XL:     14   Next: 3%
Gold:   724        EV: 11    Int: 20    God:    Ignis [*****.] SH:  0 Dex: 16

rFire   + + +      SeeInvis +   D - +8 great sword (freeze)
rCold   . . .      Faith    .   (shield currently unavailable)
rNeg    . . .      Spirit   .   y - +2 leather armour of Fedhas's Pride {rElec rCorr Str+4 Stlth+}
rPois   ∞          Reflect  .   J - +1 helmet {SInv}
rElec   +          Harm     .   b - scarf {rC+ rF+}
rCorr   +          Rampage  .   C - +0 pair of gloves
Will    +....      NoTele   +   (boots unavailable)
Stlth   ++........              x - amulet of Vitality {Regen+ HP+15}
HPRegen 1.30/turn               g - ring of resist corrosion
MPRegen 0.00/turn               F - +6 ring of dexterity

@: flying, studying Polearms
A: sickness immunity, fire resistance 2, cold vulnerability 1, float, innate
caster, hp casting, extra vitality 1
a: Renounce Religion, Sea of Fire, Foxfire Swarm, Rising Flame


You were in a Gauntlet.
You worshipped Ignis.
Ignis was extremely pleased with you.
You visited 3 branches of the dungeon, and saw 15 of its levels.
You also visited: Gauntlet.

You collected 724 gold pieces.

Inventory:

Hand Weapons
 a - a -1 short sword of flaming
 p - a +1 vorpal mace
 t - a +2 rapier of venom
 D - a +8 great sword of freezing (weapon)
Armour
 b - a scarf of resistance (worn)
 c - a +2 robe of willpower
 l - a +1 ring mail
 o - the +0 cloak of Quiet Fog {Rampage rPois rF+ Will+}
   (You found it on level 5 of the Dungeon)

   rF:        It protects you from fire.
   rPois:     It protects you from poison.
   Rampage:   It bestows one free step when moving towards enemies.
   Will:      It increases your willpower.
 q - a scarf of shadows
 y - the +2 leather armour of Fedhas's Pride (worn) {rElec rCorr Str+4 Stlth+}
   (You found it on level 8 of the Dungeon)

   Str:       It affects your strength (+4).
   rElec:     It insulates you from electricity.
   rCorr:     It protects you from acid and corrosion.
   Stlth:     It makes you more stealthy.
 C - a +0 pair of gloves (worn)
 J - a +1 helmet of see invisible (worn)
 K - a +0 buckler
Jewellery
 g - a ring of resist corrosion (left hand)
 r - the ring "Hereemp" {rC+ Will- EV+4 Str+3}
   (You found it in a Gauntlet)

   [ring of evasion]

   EV:        It affects your evasion (+4).
   Str:       It affects your strength (+3).
   rC:        It protects you from cold.
   Will:      It decreases your willpower.
 x - the amulet of Vitality (around neck) {Regen+ HP+15}
   (You found it on level 6 of the Dungeon)

   [amulet of regeneration]

   HP:        It affects your health (+15).
   Regen:     It increases your rate of health regeneration.
 F - a +6 ring of dexterity (right hand)
 G - a +4 ring of evasion
 M - a ring of protection from fire
Wands
 u - a wand of digging (6)
 w - a wand of flame (13)
 z - a wand of paralysis (24)
 B - a wand of iceblast (11)
 L - a wand of polymorph (12)
 P - a wand of mindburst (19)
Scrolls
 i - a scroll of magic mapping
 j - 2 scrolls of summoning
 k - 4 scrolls of teleportation
 v - 2 scrolls of enchant weapon
 A - a scroll of blinking
 H - a scroll of holy word
Potions
 d - 5 potions of brilliance
 e - 4 potions of haste
 f - 3 potions of heal wounds
 h - 2 potions of mutation
 m - 7 potions of curing
 n - a potion of resistance
 s - a potion of might
 E - 2 potions of attraction
 I - 2 potions of cancellation
 N - a potion of berserk rage {unknown}
 O - 2 potions of invisibility {unknown}


   Skills:
 + Level 13.5 Fighting
 - Level 2.6 Short Blades
 * Level 14.4 Spellcasting


You had 20 spell levels left.
You knew the following spells:

 Your Spells              Type           Power      Damage    Failure   Level
a - Borgnjor's Vile Clut  Necr/Erth      32%        N/A       1%          5
i - Passwall              Tmut/Erth      53%        N/A       1%          2
o - Beastly Appendage     Tmut           100%       N/A       0%          1
p - Scorch                Fire           100%       2d10      1%          2
t - Ice Form              Ice/Tmut       64%        N/A       1%          4
u - Alistair's Intoxicat  Tmut/Pois      42%        N/A       1%          5
y - Wereblood             Tmut           64%        N/A       1%          2
Your spell library was empty.

Dungeon Overview and Level Annotations

Branches:
Dungeon (11/15)            Temple (1/1) D:4            Lair (3/6) D:11
 Shoals (0/4) Lair:2          Orc (0/2) D:11        Gauntlet (1/1)
  Snake: Lair:2-4    Spider: Lair:2-4

Altars:
Ashenzari
Dithmenos
Kikubaaqudgha
Nemelex Xobeh
Okawaru
Qazlal
Sif Muna
Zin

Shops:
D:4 *=:

Annotations:
D:8 3 runed translucent doors, bande's ghost, novice GrFi
Lair:1 1 runed translucent door, Aqauggits's ghost, journeyman PaFi
Lair:2 3 runed translucent doors, Gyitair's ghost, journeyman DDFi Gauntlet 8 transporters, 2 runed translucent doors, exclusions: ice statue and orange crystal statue


Innate Abilities, Weirdness & Mutations

You are immune to sickness and miasma.
You are immune to poison.
Your flesh is very heat resistant. (rF++)
You are vulnerable to cold. (rC-)
You float through the air rather than walking.
You learn spells naturally, not from books.
Your magical power is your life essence.
You have superior vitality. (+4 HP)


Message History

Zombie hands grab the eight-headed hydra.
* * * LOW HITPOINT WARNING * * *
The zombie hands constrict the eight-headed hydra.
The eight-headed hydra escapes!
Unknown command.
Blink to where?
Press: ? - help, Dir - move target, p - eight-headed hydra
As you read the scroll of blinking, it crumbles to dust.
r - the ring "Hereemp" {rC+ Will- EV+4 Str+3} You see here a bubbling green potion.
N - a bubbling green potion The cane toad simulacrum hits you.
* * * LOW HITPOINT WARNING * * *
The cane toad simulacrum freezes you!
* * * LOW HITPOINT WARNING * * *
There are no items here.
You hit the white imp.
The white imp is lightly wounded.
The white imp hits you but does no damage.
The cane toad simulacrum hits you!
* * * LOW HITPOINT WARNING * * *
The cane toad simulacrum freezes you!
* * * LOW HITPOINT WARNING * * *
The white imp closely misses you.
Really fly into a travel-excluded area?
The white imp gestures at you. The puff of frost hits you.
* * * LOW HITPOINT WARNING * * *
There is a transporter here.
You enter the transporter and appear at another place.
The eight-headed hydra bites you.
* * * LOW HITPOINT WARNING * * *
The eight-headed hydra bites you.
* * * LOW HITPOINT WARNING * * *
The eight-headed hydra bites you.
* * * LOW HITPOINT WARNING * * *
The eight-headed hydra bites you.
* * * LOW HITPOINT WARNING * * *
The eight-headed hydra bites you!
You die...

. . # .## .# .. . #. #.##.##.# .#
#.##.##.##.##.# #.............#
#...@.©.©...#
############..D......##########
###≈#≈#≈#≈#≈#############§#≈#≈#≈#
#§..............8.∩.8............
##...............................
#≈..#########.#########.#########
##..#Z.#©#.!#.#.?$©.=.#.#...#.#©#
#≈..#.#.#8#.#.#.#####.#.#.#.#.(##
##..#D#5#.#.#.#^..#..^#.#.#.#|WW#


You could see an eight-headed hydra (summoned) and an orange crystal statue.

Vanquished Creatures
  A boulder beetle (D:11)
  Erolcha (D:10)
  A hydra (Lair:2)
  2 two-headed ogres (D:10)
  Pikel (D:4)
  A centaur zombie (D:11)
  3 elephants
  An eye of devastation (Gauntlet)
  3 cane toads
  7 komodo dragons
  A kobold demonologist (D:11)
  A yaktaur (shapeshifter) (Gauntlet)
  3 trolls
  3 hornets
  3 blink frogs (Lair:3)
  Grinder (D:5)
  Sigmund (D:5)
  Eustachio (D:3)
  A shadow (D:11)
  3 wyverns
  44 yaks
  A golden eye (Gauntlet)
  3 steam dragons
  4 vampire mosquitoes (D:9)
  A basilisk (Lair:3)
  A floating eye (Gauntlet)
  8 water moccasins
  Duvessa (D:4)
  3 sky beasts
  An ice beast (D:4)
  2 orc warriors (D:9)
  A black bear (D:11)
  2 necrophages
  9 centaurs
  2 ogres
  2 kobold brigands
  Blork the orc (D:5)
  10 bullfrogs
  A gnoll sergeant (D:7)
  3 scorpions
  A wyvern skeleton (D:7)
  Dowan (D:4)
  6 wights
  A howler monkey (D:10)
  A bullfrog zombie (D:6)
  2 hounds (D:5)
  An orc priest (D:4)
  A centaur skeleton (D:6)
  A gnoll shaman (D:5)
  3 iguanas
  Natasha (thrice) (D:4)
  4 orc wizards
  A killer bee zombie (D:6)
  2 howler monkey zombies (D:8)
  7 gnolls
  2 adders
  3 shadow imps
  A white imp (D:4)
  2 ufetubi
  An adder skeleton (D:4)
  4 dart slugs
  19 orcs
  6 ball pythons
  7 bats
  7 endoplasms
  A giant cockroach (D:2)
  6 goblins
  5 hobgoblins
  A quokka (D:1)
  8 frilled lizards
  13 kobolds
  8 rats
268 creatures vanquished.

Vanquished Creatures (others)
  A demonic plant (Gauntlet)
  40 fungi
  37 plants
  2 withered plants (D:6)
80 creatures vanquished.

Grand Total: 348 creatures vanquished

Notes
Turn   | Place    | Note
-------+----------+-------------------------------------------
     0 | D:1      | lunkers the Djinni Cinder Acolyte began the quest for the
                  | Orb.
     0 | D:1      | Reached XP level 1. HP: 20/20 MP: 0/0
   215 | D:1      | Reached XP level 2. HP: 25/25 MP: 0/0
   866 | D:1      | Reached XP level 3. HP: 25/30 MP: 0/0
   866 | D:1      | Learned a level 1 spell: Beastly Appendage
   868 | D:1      | Reached skill level 3 in Spellcasting
  2163 | D:2      | Reached XP level 4. HP: 23/35 MP: 0/0
  3330 | D:3      | Reached XP level 5. HP: 35/41 MP: 0/0
  3330 | D:3      | Learned a level 2 spell: Passwall
  3652 | D:3      | Found a glowing silver altar of Zin.
  4145 | D:4      | Found Gidiegro's Assorted Antiques.
  4153 | D:4      | Noticed Eustachio
  4186 | D:3      | Killed Eustachio
  4187 | D:3      | Reached skill level 4 in Spellcasting
  4187 | D:3      | Reached XP level 6. HP: 21/48 MP: 0/0
  4395 | D:4      | Found a staircase to the Ecumenical Temple.
  4490 | Temple   | Entered the Ecumenical Temple
  4795 | D:4      | Reached XP level 7. HP: 15/53 MP: 0/0
  4795 | D:4      | Learned a level 2 spell: Wereblood
  5039 | D:4      | Noticed Dowan
  5064 | D:4      | Noticed Natasha
  5067 | D:4      | Killed Natasha
  5110 | D:4      | Noticed Natasha
  5111 | D:4      | Found an iron altar of Okawaru.
  5115 | D:4      | Killed Natasha
  5116 | D:4      | Reached skill level 5 in Fighting
  5365 | D:4      | Reached skill level 5 in Spellcasting
  5406 | D:4      | Found Qabbirph's Jewellery Shoppe.
  5421 | D:4      | Noticed Duvessa
  5433 | D:4      | Killed Dowan
  5441 | D:4      | Killed Duvessa
  5779 | D:4      | Found Fuh Vudalo's Book Shop.
  5947 | D:5      | Entered Level 5 of the Dungeon
  5980 | D:5      | Reached XP level 8. HP: 44/60 MP: 0/0
  6168 | D:5      | Noticed a troll
  6177 | D:5      | Noticed Blork the orc
  6284 | D:4      | Noticed Natasha
  6508 | D:4      | Killed Natasha
  6509 | D:4      | Reached skill level 6 in Spellcasting
  6527 | D:4      | Killed a troll
  6814 | D:5      | Identified the +0 cloak of Quiet Fog {Rampage rPois rF+
                  | Will+}
  6841 | D:5      | Killed Blork the orc
  6964 | D:5      | Noticed Grinder
  6971 | D:5      | Noticed Sigmund
  6975 | D:5      | Killed Sigmund
  7012 | D:5      | Killed Grinder
  7013 | D:5      | Reached skill level 7 in Spellcasting
  7013 | D:5      | Reached XP level 9. HP: 24/67 MP: 0/0
  7013 | D:5      | Learned a level 4 spell: Ice Form
  7603 | D:5      | Found a broken altar of Ashenzari.
  7603 | D:5      | Found a sparkling altar of Nemelex Xobeh.
  7941 | D:6      | Noticed Pikel
  8233 | D:4      | Killed Pikel
  8234 | D:4      | Reached skill level 8 in Spellcasting
  8486 | D:6      | Found a stormy altar of Qazlal.
  8530 | D:6      | Found the amulet of Vitality {Regen+ HP+15}
  9551 | D:7      | Reached XP level 10. HP: 16/76 MP: 0/0
 10246 | D:8      | Reached skill level 9 in Spellcasting
 10503 | D:8      | Found a shadowy altar of Dithmenos.
 10655 | D:8      | Found a runed translucent gate.
 10655 | D:8      | Found a runed translucent gate.
 10655 | D:8      | Found a runed translucent gate.
 10655 | D:8      | Noticed bande's ghost (novice GrFi)
 10663 | D:8      | Identified the +2 leather armour of Fedhas's Pride {rElec
                  | rCorr Str+4 Stlth+}
 10745 | D:7      | Reached skill level 10 in Spellcasting
 10807 | D:8      | Reached XP level 11. HP: 80/84 MP: 0/0
 10807 | D:8      | Learned a level 5 spell: Alistair's Intoxication
 10849 | D:8      | Upgraded the game from 0.28-a0-773-g130ae17fe5 to
                  | 0.28-a0-819-g6ef7baa362
 11270 | D:9      | Reached skill level 10 in Fighting
 11273 | D:9      | HP: 5/100 [hornet (7)]
 12003 | D:10     | Entered Level 10 of the Dungeon
 12003 | D:10     | Noticed Erolcha
 12010 | D:10     | Killed Erolcha
 12011 | D:10     | Reached skill level 11 in Spellcasting
 12106 | D:10     | Noticed a two-headed ogre
 12113 | D:10     | Killed a two-headed ogre
 12147 | D:10     | Noticed a two-headed ogre
 12156 | D:10     | Killed a two-headed ogre
 12895 | D:11     | Reached XP level 12. HP: 94/94 MP: 0/0
 12995 | D:11     | Found a staircase to the Orcish Mines.
 13196 | D:11     | Found a staircase to the Lair.
 13240 | D:11     | Reached skill level 12 in Spellcasting
 13262 | D:11     | Noticed a boulder beetle
 13574 | D:11     | Killed a boulder beetle
 13726 | Lair:1   | Entered Level 1 of the Lair of Beasts
 13735 | Lair:1   | Reached skill level 13 in Spellcasting
 13735 | Lair:1   | Reached XP level 13. HP: 102/102 MP: 0/0
 13735 | Lair:1   | Learned a level 5 spell: Borgnjor's Vile Clutch
 13906 | Lair:1   | Found a runed translucent door.
 13907 | Lair:1   | Noticed Aqauggits's ghost (journeyman PaFi)
 14568 | Lair:2   | Found a runed translucent gate.
 14568 | Lair:2   | Found a runed translucent gate.
 14568 | Lair:2   | Noticed a five-headed hydra
 14576 | Lair:2   | Killed a five-headed hydra
 14667 | Lair:2   | Reached skill level 14 in Spellcasting
 14992 | Lair:2   | Found a staircase to the Shoals.
 15239 | Lair:2   | Found a runed translucent gate.
 15241 | Lair:2   | Noticed Gyitair's ghost (journeyman DDFi)
 15571 | Lair:3   | Found a gate leading to a gauntlet.
 15686 | Gauntlet | Entered a Gauntlet
 15686 | Gauntlet | Found a transporter.
 15686 | Gauntlet | Found a transporter.
 15686 | Gauntlet | Found a runed translucent door.
 15686 | Gauntlet | Found a runed translucent door.
 15700 | Gauntlet | Found a transporter.
 15740 | Gauntlet | Found a transporter.
 15755 | Gauntlet | Found a transporter.
 15769 | Gauntlet | Found a transporter.
 15769 | Gauntlet | Found a transporter.
 15771 | Gauntlet | Found a transporter.
 15774 | Gauntlet | Found a transporter.
 15774 | Gauntlet | Found a transporter.
 15787 | Gauntlet | Found a transporter.
 15803 | Gauntlet | Found a transporter.
 15816 | Gauntlet | Found a transporter.
 15827 | Gauntlet | Found a transporter.
 15925 | Gauntlet | Reached XP level 14. HP: 110/110 MP: 0/0
 16076 | Gauntlet | Identified the ring "Hereemp" {rC+ Will- EV+4 Str+3}
 16083 | Gauntlet | Slain by an eight-headed hydra

Illustrated notes

Levels and vault maps discovered:
D:1:      dpeg_arrival_signposts, layout_loops_corners
D:2:      layout_basic, amcnicky_mini_rare_corridor_liquid, minivault_23
D:3:      layout_loops_cross, mainiacjoe_overflow_alcove_4, grunt_ministairs_8
D:4:      layout_rooms, okawaru_ov_weapons_minmay, minmay_temple_entry_waves,
          serial_shops, nicolae_shop_stone, nicolae_shop_crystal,
          nicolae_shop_trees, uniq_duvessa, uniq_eustachio, uniq_natasha
D:5:      layout_loops_ring, mainiacjoe_overflow_divided_tiny,
          serial_park_tiny_pond, minmay_manual_mail, uniq_grinder, uniq_sigmund,
          uniq_blork_the_orc
D:6:      layout_basic, nicolae_qazlal_general_emergency,
          kiku_gazebo_garden_becter, chequers_avenue, kennysheep_potato,
          uniq_pikel
D:7:      layout_gridville
D:8:      minmay_evil_eye, layout_rooms, grunt_dithmenos_smoke,
          gammafunk_ghost_spectres
D:9:      layout_cave_pools
D:10:     layout_rooms, amcnicky_mini_pool_small, minmay_misc_feat_cross,
          uniq_erolcha
D:11:     layout_roguey, due_lair_maze_entry_diamond, david_orc_2
Temple:   regret_index_temple_waves
Lair:1:   wander_river, layout_regular_city, ebering_ghost_reflecting_pool,
          grunt_megastairs_4
Lair:2:   layout_cave_pods, minmay_shoals_entry_centaurs,
          gammafunk_ghost_necromancy, infiniplex_staircase_pool
Lair:3:   layout_layer_cave, gauntlet_entry_generic,
          gammafunk_ghost_abyssal_escape, grunt_megastairs_2
Gauntlet: gammafunk_gauntlet_mixed_choke_point
          [minmay_gauntlet_arena_77_checkered, minmay_gauntlet_arena_77_cramped,
          minmay_gauntlet_arena_77_double_cross,
          gammafunk_gauntlet_arena_spirals,
          minmay_gauntlet_arena_77_radiant_squares,
          minmay_gauntlet_arena_77_two_paths, minmay_gauntlet_arena_77_braids,
          gauntlet_exit_green]

Skill      XL: |  1  2  3  4  5  6  7  8  9 10 11 12 13 |
---------------+----------------------------------------+-----
Spellcasting   | 3 4 5 7 8 10 11 13 14 | 14.4
Fighting       | 4 5 6 8 9 11 12 13 | 13.5
Short Blades   | |  2.6

Action                   |  1- 3 |  4- 6 |  7- 9 | 10-12 | 13-15 || total
-------------------------+-------+-------+-------+-------+-------++-------
Melee: Short sword       |    19 |       |       |       |       ||    19
       Rapier            |       |       |       |    27 |       ||    27
       Great sword       |       |       |       |    72 |    45 ||   117
 Cast: Scorch            |    39 |    52 |   154 |   280 |       ||   525
       Alistair's Intoxi |       |       |       |     1 |       ||     1
       Borgnjor's Vile C |       |       |       |       |    87 ||    87
Evoke: Wand              |       |       |       |     8 |       ||     8
  Use: Scroll            |       |       |    17 |    12 |     4 ||    33
       Potion            |       |       |     4 |     1 |       ||     5
 Stab: Paralysed         |       |       |       |     7 |       ||     7
Armor: Robe              |     6 |       |     4 |     9 |       ||    19
       Ring mail         |     4 |     8 |     8 |       |       ||    20
       Skin              |       |       |     7 |       |       ||     7
       Leather armour    |       |       |       |    77 |    25 ||   102
Dodge: Dodged            |    17 |    15 |    36 |   249 |    54 ||   371

Table legend: (Time is in decaauts)
 A = Elapsed time spent in this place.
 B = Non-inter-level travel time spent in this place.
 C = Inter-level travel time spent in this place.
 D = Time resting spent in this place.
 E = Time spent auto-exploring this place.
 F = Levels seen in this place.
 G = Mean time per level.
                   A        B        C        D        E       F      G
               +--------+--------+--------+--------+--------+-----+--------+
         Total |  16149 |  15614 |    535 |   2182 |  10539 |  16 | 1009.3 |
       Dungeon |  13494 |  13003 |    491 |   1815 |   9092 |  11 | 1226.7 |
        Temple |    268 |    268 |      0 |    267 |      0 |   1 |  268.0 |
          Lair |   1986 |   1942 |     44 |    100 |   1419 |   3 |  662.0 |
      Gauntlet |    399 |    399 |      0 |      0 |     28 |   1 |  399.0 |
               +--------+--------+--------+--------+--------+-----+--------+

Top non-repeatable levels by time:
     D:4: 1963 daAuts
     D:1: 1620 daAuts
     D:5: 1579 daAuts
     D:3: 1457 daAuts
     D:2: 1443 daAuts
     D:7: 1180 daAuts
    D:11: 1106 daAuts
  Lair:2: 1093 daAuts
     D:6: 940 daAuts
     D:8: 834 daAuts
  Lair:1: 827 daAuts
     D:9: 707 daAuts
    D:10: 661 daAuts
Gauntlet: 399 daAuts
  Temple: 268 daAuts
